 Dungeon Crawl Stone Soup version 0.19.0-18-g426998a (webtiles) character file.

21592 Rrauwl the Grappler (level 12, -7/115 HPs)
             Began as a Troll Monk on Nov 11, 2016.
             Mangled by a spiny frog (14 damage)
             ... on level 6 of the Lair of Beasts on Nov 12, 2016.
             The game lasted 01:45:51 (10183 turns).

Rrauwl the Grappler (Troll Monk)                   Turns: 10183, Time: 01:45:52

Health: -7/115     AC: 20    Str: 26    XL:     12   Next: 55%
Magic:  24/24      EV: 11    Int:  6    God:
Gold:   592        SH:  0    Dex: 12    Spells: 0 memorised, 11 levels left

rFire  + + .     SeeInvis .       - Unarmed
rCold  x . .     Gourm    +     u - +3 fire dragon scales
rNeg   + . .     Faith    .     (no shield)
rPois  .         Spirit   .     o - +2 hat {MR+}
rElec  .         Reflect  .     g - +0 cloak
rCorr  .         Harm     .     (gloves unavailable)
MR     +....                    (boots unavailable)
Stlth  ..........               y - amulet of rage
                                s - ring of positive energy
                                f - ring of magical power

@: about to teleport
A: unfitting armour, claws 3, fast metabolism 3, gourmand, regeneration 1,
shaggy fur 1, tough skin 2
a: Evoke Berserk Rage


You were on level 6 of the Lair of Beasts.
You were not hungry.

You visited 4 branches of the dungeon, and saw 19 of its levels.

You collected 715 gold pieces.
You spent 123 gold pieces at shops.

Inventory:

Missiles
 i - 4 large rocks (quivered)
Armour
 g - a +0 cloak (worn)
 o - a +2 hat of magic resistance (worn)
 u - +3 fire dragon scales (worn)
 B - a +2 hat of see invisible
Magical Staves
 C - an uncursed staff of poison
Jewellery
 f - a ring of magical power (left claw)
 s - a ring of positive energy (right claw)
 y - an amulet of rage (around neck)
Wands
 l - a wand of flame (13/48)
 n - a wand of teleportation (6/9)
 r - a wand of digging (8/24)
 A - a wand of paralysis (14/24)
 E - a wand of enslavement (20/24)
 F - a wand of iceblast (9/15)
 G - a wand of iceblast (10/15)
 K - a wand of random effects (33/48)
 L - a wand of paralysis (10/24)
Scrolls
 c - 5 scrolls of remove curse
 e - 4 scrolls of identify
 j - 3 scrolls of teleportation
 t - 3 scrolls of magic mapping
 J - 3 scrolls of immolation
Potions
 a - 2 potions of lignification
 p - 7 potions of curing
 v - a potion of berserk rage
 w - a potion of cancellation
 x - 3 potions of mutation
 z - 5 potions of flight
Comestibles
 b - 12 bread rations
 h - 5 beef jerkies
 k - 2 royal jellies
 m - 8 slices of pizza
 q - 5 meat rations


   Skills:
 * Level 6.6 Fighting
 * Level 7.4 Armour
 * Level 7.1 Dodging
 - Level 1.0 Stealth
 + Level 14.1 Unarmed Combat
 * Level 5.4 Evocations


You had 11 spell levels left.
You didn't know any spells.

Dungeon Overview and Level Annotations

Branches:
Dungeon (11/15)            Temple (1/1) D:7            Lair (6/6) D:11
  Slime (1/5) Lair:6          Orc (0/2) D:9
  Swamp: Lair:2-4    Shoals: Lair:2-4     Snake: Lair:2-4    Spider: Lair:2-4

Altars:
Ashenzari
Cheibriados
Dithmenos
Elyvilon
Fedhas
Gozag
Hepliaklqana
Kikubaaqudgha
Makhleb
Nemelex Xobeh
Okawaru
Qazlal
Ru
Sif Muna
Trog
Uskayaw
Vehumet
Xom
Yredelemnul
The Shining One

Shops:
D:4 *   D:10 ?


Innate Abilities, Weirdness & Mutations

You are too large for most types of armour.
You have claws for hands.
Your metabolism is lightning-fast.
You like to eat raw meat.
Your natural rate of healing is unusually fast.
You are covered in fur. (AC +1)
You have very tough skin. (AC +2)


Message History

The dream sheep bleats!
The dream sheep closely misses you. The dream sheep bites you.
* * * LOW HITPOINT WARNING * * *
A dream sheep comes into view.
The spiny frog closely misses you. The spiny frog barely misses you.
Found a scroll of recharging.
The dream sheep shake their wool and sparkle.
You feel drowsy...
You fall asleep.
The dream sheep barely misses you.
The spiny frog stings you but does no damage.
The spiny frog barely misses you. The dream sheep closely misses you.
The dream sheep bites you!
You wake up.
* * * LOW HITPOINT WARNING * * *
The spiny frog stings you.
* * * LOW HITPOINT WARNING * * *
As you read the scroll of teleportation, it crumbles to dust.
You feel strangely unstable. The dream sheep misses you.
The dream sheep completely misses you. The spiny frog stings you!
You die...

*,,,,,,,,,,,,,,,,**** *,***,,,
*,,,*,**+,,.......##*******,,,,
**,,****,###.......##..###.....
*,,,*,*,,,?....................
*,,,,,,,,,#....................
**,,...,,,#....................
*...Y.....##...................
*#...,....*#.Y................#
##...*#..*##.Y@...............#
##..Y.*#.###.YYF..............<.
*#....Y##...Y...................#
*,##.....%.Y.....................
**#..............................
**#......###....#..#.....#.#.##
###.#### #####..######.##.### ###
*### #**##*


You could see a spiny frog and 6 dream sheep.

Vanquished Creatures
  Gastronok (Lair:1)
  Josephine (Lair:5)
  3 hill giants
  Pikel (D:7)
  2 ugly things
  5 elephants
  3 spiny frogs (Lair:5)
  A kobold demonologist (D:11)
  A komodo dragon (Lair:2)
  4 trolls
  Grinder (D:6)
  5 blink frogs (Lair:4)
  The ghost of Delusion the Insei, an amateur OpTm of Dithmenos (D:5)
  3 hippogriffs
  5 wraiths (Lair:5)
  22 yaks
  A human (D:9)
  A vampire (D:10)
  3 hogs (D:9)
  A hungry ghost (D:11)
  A warg (D:9)
  Edmund (D:5)
  4 water moccasins
  2 porcupines
  A slave (D:7)
  5 sky beasts
  2 ice beasts
  A black bear (Lair:4)
  2 necrophages
  2 orc warriors (D:10)
  2 phantoms
  7 centaurs
  5 ogres
  3 crocodiles
  A big kobold (D:9)
  Blork the orc (D:6)
  11 bullfrogs
  A gnoll sergeant (D:8)
  2 scorpions
  3 killer bees (D:7)
  4 wights (D:10)
  2 electric eels (D:11)
  8 crimson imps
  A quasit (D:7)
  A bullfrog zombie (D:10)
  3 hounds
  9 orc priests
  A bullfrog skeleton (D:11)
  A jelly (D:9)
  A centaur skeleton (D:10)
  Crazy Yiuf (D:3)
  Jessica (D:3)
  11 orc wizards
  3 worker ants
  Ijyb (D:3)
  Natasha (twice) (D:2)
  A killer bee zombie (D:5)
  Robin (D:4)
  2 worker ant zombies (D:10)
  13 adders
  4 gnolls (D:8)
  2 howler monkey skeletons
  A shadow imp (D:5)
  2 oozes
  An adder skeleton (D:5)
  4 worms
  2 dart slugs (D:1)
  3 leopard geckos
  43 orcs
  10 bats
  6 giant cockroaches
  6 goblins
  6 hobgoblins
  7 jackals
  14 kobolds
  3 quokkas
  7 frilled lizards
  A leopard gecko skeleton (D:5)
  9 rats
320 creatures vanquished.

Vanquished Creatures (others)
  An ice beast (D:7)
  A hound (D:7)
  6 fungi
  3 plants
11 creatures vanquished.

Grand Total: 331 creatures vanquished

Notes
Turn   | Place    | Note
-------+----------+-------------------------------------------
     0 | D:1      | Rrauwl the Troll Monk began the quest for the Orb.
     0 | D:1      | Reached XP level 1. HP: 22/22 MP: 0/0
   161 | D:1      | Reached XP level 2. HP: 29/29 MP: 1/1
   729 | D:1      | Reached XP level 3. HP: 36/36 MP: 2/2
  1415 | D:2      | Noticed Natasha
  1432 | D:2      | Killed Natasha
  1479 | D:2      | Noticed Natasha
  1489 | D:2      | Killed Natasha
  1489 | D:2      | Reached skill level 4 in Unarmed Combat
  1489 | D:2      | Reached XP level 4. HP: 24/44 MP: 3/3
  1761 | D:3      | Noticed Jessica
  1774 | D:3      | Killed Jessica
  1844 | D:3      | Reached XP level 5. HP: 52/52 MP: 4/4
  2201 | D:3      | Found a runed door.
  2205 | D:3      | Noticed Crazy Yiuf
  2210 | D:3      | Killed Crazy Yiuf
  2469 | D:3      | Reached skill level 5 in Unarmed Combat
  2639 | D:3      | Noticed Ijyb
  2660 | D:3      | Killed Ijyb
  2850 | D:4      | Found Uzack's Elemental Accessories.
  2938 | D:4      | Noticed Robin
  2942 | D:4      | Killed Robin
  2984 | D:4      | Found a blossoming altar of Fedhas.
  3044 | D:4      | Noticed an ogre
  3054 | D:4      | Killed an ogre
  3054 | D:4      | Reached XP level 6. HP: 61/61 MP: 5/5
  3078 | D:4      | Gained mutation: Your spells are a little easier to cast, but a little less powerful. [potion of mutation]
  3078 | D:4      | Gained mutation: You heal very quickly. [potion of mutation]
  3130 | D:4      | Reached skill level 6 in Unarmed Combat
  3379 | D:4      | Reached XP level 7. HP: 66/67 MP: 6/6
  3575 | D:5      | Entered Level 5 of the Dungeon
  3575 | D:5      | Found a shattered altar of Ashenzari.
  3611 | D:5      | Noticed Delusion's ghost (amateur OpTm)
  3620 | D:5      | Killed Delusion's ghost
  3620 | D:5      | Reached skill level 7 in Unarmed Combat
  3831 | D:5      | Reached skill level 8 in Unarmed Combat
  3837 | D:5      | Reached XP level 8. HP: 75/75 MP: 7/7
  3914 | D:5      | Noticed Edmund
  3921 | D:5      | Killed Edmund
  3921 | D:5      | Reached skill level 9 in Unarmed Combat
  4005 | D:5      | You fall through a shaft!
  4447 | D:6      | Noticed Blork the orc
  4452 | D:6      | Killed Blork the orc
  4508 | D:6      | Noticed Grinder
  4523 | D:6      | Killed Grinder
  4523 | D:6      | Reached skill level 10 in Unarmed Combat
  4578 | D:7      | Found a staircase to the Ecumenical Temple.
  4579 | D:7      | Reached skill level 1 in Evocations
  4592 | D:7      | Reached skill level 1 in Armour
  4597 | D:7      | Reached XP level 9. HP: 65/84 MP: 8/8
  4713 | Temple   | Entered the Ecumenical Temple
  5002 | D:7      | Noticed Pikel
  5037 | D:7      | Killed Pikel
  5037 | D:7      | Reached skill level 5 in Dodging
  5037 | D:7      | Reached skill level 11 in Unarmed Combat
  5083 | D:7      | Found a stormy altar of Qazlal.
  5085 | D:7      | Found a hazy altar of Hepliaklqana.
  5115 | D:7      | Found a sparkling altar of Nemelex Xobeh.
  5834 | D:8      | Reached XP level 10. HP: 94/94 MP: 10/10
  6502 | D:9      | Found a staircase to the Orcish Mines.
  6574 | D:9      | Found a bloodstained altar of Trog.
  6612 | D:9      | Reached skill level 12 in Unarmed Combat
  6614 | D:9      | Reached skill level 5 in Fighting
  6749 | D:10     | Entered Level 10 of the Dungeon
  6786 | D:10     | Found Oxeak's Magic Scroll Shop.
  6820 | D:10     | Bought a scroll of identify for 26 gold pieces
  6820 | D:10     | Bought a scroll of magic mapping for 45 gold pieces
  6820 | D:10     | Bought a scroll of identify for 26 gold pieces
  6820 | D:10     | Bought a scroll of identify for 26 gold pieces
  7020 | D:10     | Noticed a white ugly thing
  7033 | D:10     | Killed a white ugly thing
  7289 | D:10     | Noticed a hill giant
  7296 | D:10     | Killed a hill giant
  7296 | D:10     | Reached XP level 11. HP: 72/104 MP: 12/12
  7483 | D:11     | Found a staircase to the Lair.
  7809 | D:11     | Noticed a hill giant
  7854 | D:11     | Killed a hill giant
  7854 | D:11     | Reached skill level 5 in Armour
  7906 | D:11     | Noticed a hill giant
  7917 | D:11     | Killed a hill giant
  8364 | D:11     | Noticed a white ugly thing
  8373 | D:11     | Killed a white ugly thing
  8485 | D:11     | Gained mutation: Scrolls take you a little longer to read. [a neqoxec]
  8691 | D:11     | Reached skill level 13 in Unarmed Combat
  8797 | Lair:1   | Entered Level 1 of the Lair of Beasts
  8797 | Lair:1   | Noticed Gastronok
  8807 | Lair:1   | Killed Gastronok
  8971 | Lair:4   | Reached skill level 5 in Evocations
  8981 | Lair:4   | Reached XP level 12. HP: 110/114 MP: 14/14
  9099 | Lair:5   | Noticed a six-headed hydra
  9113 | Lair:6   | Entered Level 6 of the Lair of Beasts
  9206 | Lair:6   | Found a staircase to the Slime Pits.
  9215 | Slime:1  | Entered Level 1 of the Pits of Slime
  9215 | Slime:1  | Noticed an acid blob
  9486 | Lair:5   | Noticed Josephine
  9511 | Lair:5   | Killed Josephine
  9513 | Lair:5   | Reached skill level 14 in Unarmed Combat
  9817 | Lair:5   | Lost mutation: Scrolls take you a little longer to read. [potion of cure mutation]
  9817 | Lair:5   | Lost mutation: Your spells are a little easier to cast, but a little less powerful. [potion of cure mutation]
  9817 | Lair:5   | Lost mutation: You heal very quickly. [potion of cure mutation]
 10183 | Lair:6   | Mangled by a spiny frog

Skill      XL: |  1  2  3  4  5  6  7  8  9 10 11 12 |
---------------+-------------------------------------+-----
Dodging        | 3 4 5 6 7 |  7.1
Unarmed Combat | 4 5 6 8 10 11 12 13 14 | 14.1
Fighting       | 3 4 5 6 |  6.6
Evocations     | 1 2 3 5 |  5.4
Armour         | 1 3 4 6 7 |  7.4
Stealth        | |  1.0

Action                   |  1- 3 |  4- 6 |  7- 9 | 10-12 || total
-------------------------+-------+-------+-------+-------++-------
Melee: Unarmed           |    77 |   171 |   270 |   533 ||  1051
       Punch             |       |     4 |    15 |    35 ||    54
Evoke: Wand              |       |     2 |     1 |    10 ||    13
  Use: Scroll            |     6 |     3 |    10 |    13 ||    32
       Potion            |     5 |     4 |     6 |     6 ||    21
 Stab: Sleeping          |     3 |       |       |       ||     3
       Invisible         |       |       |     3 |       ||     3
  Eat: Chunk             |    12 |    20 |    22 |    42 ||    96
Armor: Robe              |    33 |    42 |       |       ||    75
       Animal skin       |       |     5 |     3 |       ||     8
       Fire dragon scale |       |       |   132 |   269 ||   401
Dodge: Dodged            |    51 |    68 |    97 |   225 ||   441
